AoeStats
← __As_Sgto_Cabral_Arg

Arena

509640862Analyzed
1v1 RM · 4d ago on Sep 27, 2026· 50m 2s· 2 players
Game mode
Random Map
Map size
Tiny (2 player)
Population
200
Speed
Normal
Resources
Standard
Victory
Conquest
Starting age
Dark Age
Ending age
Imperial Age
RankedLock teamsTeams togetherTeam positionsShared explorationLock speedFull tech treeHidden civsTurbo modeCheats
Victory
Defeat
🇦🇷 Franks · Argentina
763
+15
🇺🇸 Spanish · United States
745
-15
DottyRock7961
7:57 Loom
12:30 Feudal Age
17:05 Castle Age
27:50 Horse Collar
32:41 Imperial Age
31:49 Husbandry
32:00 Bloodlines
35:07 Chemistry
34:28 Ballistics
46:39 Chemistry
45:40 Horse Collar
46:15 Double-Bit Axe
__As_Sgto_Cabral_Arg
8:18 Loom
10:33 Feudal Age
11:07 Double-Bit Axe
17:36 Castle Age
35:51 Forging
37:44 Husbandry
42:06 Imperial Age
40:13 Wheelbarrow
39:25 Town Watch
40:03 Gold Mining
40:07 Stone Mining
40:46 Bow Saw
42:18 Fervor
42:32 Sanctity
43:22 Iron Casting
42:38 Fletching
43:06 Ordonnance Companies
43:51 Chivalry
44:17 Conscription
43:43 Pikeman
44:24 Squires
46:25 Chemistry
45:36 Masonry
46:38 Cavalier
Connection lost

Rejoining the realm…

Still unreachable

The connection could not be restored.

Session expired

The server has moved on; the page needs a fresh start.